 Dungeon Crawl Stone Soup version 0.30-a0-364-gf6b3ef1049 (webtiles) character file.

Game seed: 5520958109425315435

13 purpskrrrp the Magician (level 2, -1/21 HPs)
             Began as a Djinni Necromancer on Nov 14, 2022.
             Frozen to death by an endoplasm (7 damage)
             ... on level 1 of the Dungeon.
             The game lasted 00:00:38 (325 turns).

purpskrrrp the Magician (Djinni Necromancer)         Turns: 325, Time: 00:00:38

Health: -1/21      AC:  2    Str:  7    XL:     2   Next: 50%
Gold:   53         EV: 12    Int: 16    God:
                   SH:  0    Dex: 13

rFire   + + .      SeeInvis .    (no weapon)
rCold   x . .      Faith    .    (no shield)
rNeg    . . .      Spirit   .    a - +0 robe
rPois   ∞          Reflect  .    (no helmet)
rElec   .          Harm     .    (no cloak)
rCorr   .          Rampage  .    (no gloves)
Will    .....                    (boots unavailable)
Stlth   ++........               (no amulet)
HPRegen 0.23/turn                (no ring)
MPRegen 0.00/turn                (no ring)

@: flying
A: sickness immunity, fire resistance 2, cold vulnerability 1, float, innate
caster, HP casting, extra vitality 1
a: no special abilities


You were on level 1 of the Dungeon.
You visited 1 branch of the dungeon, and saw 1 of its levels.

You collected 53 gold pieces.

Inventory:

Armour
 a - a +0 robe (worn)
Jewellery
 b - a ring of ice
Scrolls
 c - a scroll of identify {unknown}
 d - a scroll of noise {unknown}
 f - a scroll of amnesia {unknown}
Potions
 e - a potion of lignification {unknown}
 g - a potion of heal wounds {unknown}


   Skills:
 + Level 2.4 Dodging
 + Level 1.8 Stealth
 * Level 3.5 Spellcasting


You couldn't memorise any spells.
You knew the following spells:

 Your Spells              Type           Power      Damage    Failure   Level
a - Necrotise             Necr           56%        1d6       4%          1
b - Vampiric Draining     Necr           14%        2d7       13%         3
c - Animate Dead          Necr           14%        N/A       38%         4
d - Agony                 Necr           14%        N/A       75%         5
Your spell library was empty.

Dungeon Overview and Level Annotations

Branches:
Dungeon (1/15)

Altars:


Innate Abilities, Weirdness & Mutations

You are immune to sickness and miasma.
You are immune to poison.
Your flesh is very heat resistant. (rF++)
You are vulnerable to cold. (rC-)
You float through the air rather than walking.
You learn spells naturally, not from books.
Your magical power is your life essence.
You have superior vitality. (+4 MHP)


Message History

The ball python constricts you. The endoplasm completely misses you.
You closely miss the ball python.
The ball python bites you but does no damage.
The ball python constricts you. The endoplasm freezes you.
You are frozen.
You feel a terrible chill!
You hit the ball python.
The ball python is severely wounded.
The ball python misses you. The ball python constricts you.
The ball python closely misses you. The ball python constricts you.
The endoplasm hits you.
You are too injured to fight recklessly!
You are too injured to fight recklessly!
You are too injured to fight recklessly!
You are too injured to fight recklessly!
You are too injured to fight recklessly!
You are too injured to fight recklessly!
You are too injured to fight recklessly!
You are too injured to fight recklessly!
You are too injured to fight recklessly!
You are too injured to fight recklessly!
You are too injured to fight recklessly!
You are too injured to fight recklessly!
You are too injured to fight recklessly!
You are too injured to fight recklessly!
You are too injured to fight recklessly!
You are too injured to fight recklessly!
You are too injured to fight recklessly!
You are too injured to fight recklessly!
You are too injured to fight recklessly!
Aiming: Necrotise (safe; 4% risk of failure)
Press: ? - help, Q - select action Shift-Dir - straight line, f - ball python
Aim: a ball python (severely wounded, constricting you, chance to affect: 84%)
The ball python writhes in agony.
You kill the ball python!
* * * LOW HITPOINT WARNING * * *
The dead are slithering!
The endoplasm freezes you.
You are frozen!
You feel a terrible chill!
You die...

...##.## #.# ...#
#.# ...# #.# ...#
######.# ...#.
#......#######
.....# .
###.#........#
##.###
...###.#.######.#
...# ......J#.###
#.# .###
......J@...# #.#
.# ......##Z#.#
#.# .###### .....
###.####.##
......# ....
#.....# ......#
... #.#####
......# ## #.#.#
†.....#
#.#.#########
......#
#.#.........#
......#
#.#########.#


You could see 2 endoplasms and a friendly ball python skeleton.

Vanquished Creatures
  A dart slug (D:1)
  2 endoplasms (D:1)
  A hobgoblin (D:1)
  2 jackals (D:1)
  2 ball pythons (D:1)
  2 bats (D:1)
10 creatures vanquished.

Vanquished Creatures (collateral kills)
  A jackal (D:1)
1 creature vanquished.

Grand Total: 11 creatures vanquished

Notes
Turn   | Place    | Note
-------+----------+-------------------------------------------
     0 | D:1      | purpskrrrp the Djinni Necromancer began the quest for the
                  | Orb.
     0 | D:1      | purpskrrrp set off with the following spells memorised:
                  | Necrotise, Vampiric Draining, Animate Dead, Agony.
     0 | D:1      | Reached XP level 1. HP: 15/15 MP: 0/0
   126 | D:1      | Reached XP level 2. HP: 20/21 MP: 0/0
   325 | D:1      | Frozen to death by an endoplasm

Illustrated notes

Levels and vault maps discovered:
D:1:      scummos_arrival_star, layout_basic

Action                   || total
-------------------------++-------
Melee: Unarmed           ||    26
       Punch             ||     1
 Cast: Necrotise         ||    14
 Stab: Sleeping          ||     1
Armor: Robe              ||     6
Dodge: Dodged            ||    25

Table legend: (Time is in decaauts)
 A = Elapsed time spent in this place.
 B = Non-inter-level travel time spent in this place.
 C = Inter-level travel time spent in this place.
 D = Time resting spent in this place.
 E = Time spent auto-exploring this place.
 F = Levels seen in this place.
 G = Mean time per level.
                   A        B        C        D        E       F      G
               +--------+--------+--------+--------+--------+-----+--------+
         Total |    325 |    325 |      0 |     56 |    191 |   1 |  325.0 |
       Dungeon |    325 |    325 |      0 |     56 |    191 |   1 |  325.0 |
               +--------+--------+--------+--------+--------+-----+--------+

Top non-repeatable levels by time:
     D:1: 325 daAuts
